 Dungeon Crawl Stone Soup version 0.21-a0-265-gb353147 (webtiles) character file.

818 Blomdor the Chopper (level 7, -11/53 HPs)
             Began as a Barachi Wizard on Sept 11, 2017.
             Was an Initiate of Cheibriados.
             Mangled by an ice beast (12 damage)
             ... in the Ecumenical Temple.
             The game lasted 00:09:43 (4199 turns).

Blomdor the Chopper (Barachi Wizard)                Turns: 4199, Time: 00:09:44

Health: -11/53     AC:  9    Str: 11    XL:     7   Next: 94%
Magic:  11/11      EV: 12    Int: 20    God:    Cheibriados [......]
Gold:   263        SH:  0    Dex: 11    Spells: 5/12 levels left

rFire    . . .     SeeInvis .   o - +1 spear (pierce)
rCold    . . .     Gourm    .   (no shield)
rNeg     + . .     Faith    .   m - +0 troll leather armour (curse)
rPois    .         Spirit   .   b - +0 hat
rElec    .         Reflect  .   w - +2 cloak
rCorr    .         Harm     .   (no gloves)
MR       .....                  k - +0 pair of boots
Stlth    ++........             B - amulet of inaccuracy (curse)
HPRegen  0.97/turn              s - ring of positive energy
MPRegen  0.12/turn              t - ring of stealth

@: very slow
A: +LOS, swims, regeneration 1, slowness 1, subdued magic 1, sturdy frame 1,
strong legs 1
a: Hop, Bend Time, Renounce Religion


You were in the Ecumenical Temple.
You worshipped Cheibriados.
Cheibriados was noncommittal.
You were very hungry.

You visited 2 branches of the dungeon, and saw 7 of its levels.

You collected 263 gold pieces.

Inventory:

Hand Weapons
 o - a +1 spear of piercing (weapon)
 E - a +0 war axe
Missiles
 F - 3 curare-tipped needles
Armour
 b - a +0 hat (worn)
 k - a +0 pair of boots (worn)
 m - a cursed +0 troll leather armour (worn)
 n - a +0 chain mail
 w - a +2 cloak (worn)
Jewellery
 s - a ring of positive energy (left hand)
 t - a ring of stealth (right hand)
 B - a cursed amulet of inaccuracy (around neck)
Wands
 y - a wand of paralysis (16/24)
Scrolls
 a - 3 scrolls of blinking
 e - a scroll of fog
 u - a scroll of fear
 D - 2 scrolls of teleportation
Potions
 i - a potion of lignification {unknown}
 j - a potion of curing
 l - a potion of flight {unknown}
 q - a potion of degeneration {unknown}
 r - a potion of agility {unknown}
 v - a potion of heal wounds {unknown}
 x - 2 potions of brilliance {unknown}
 z - a potion of haste {unknown}
 A - a potion of might
 C - a potion of magic {unknown}
Books
 c - a book of Minor Magic

   Spells                             Type                      Level
   a - Magic Dart                     Conjuration                  1
   b - Blink                          Translocation                2
   c - Call Imp                       Summoning                    2
   d - Slow                           Hexes                        2
   e - Conjure Flame                  Conjuration/Fire             3
   f - Mephitic Cloud                 Conjuration/Poison/Air       3
Comestibles
 d - 6 bread rations
 f - 3 meat rations
 h - 6 fruits
 p - a royal jelly


   Skills:
 + Level 3.9 Fighting
 * Level 7.6 Axes
 + Level 3.9 Armour
 - Level 2.1 Dodging
 - Level 1.7 Stealth
 - Level 3.2 Spellcasting
 - Level 1.1 Conjurations
   Level 1.2 Summonings
   Level 1.1 Translocations


You had 5 spell levels left.
You knew the following spells:

 Your Spells              Type           Power        Failure   Level  Hunger
a - Magic Dart            Conj           #...         7%          1    None
b - Mephitic Cloud        Conj/Pois/Air  #.......     32%         3    ###....
c - Conjure Flame         Conj/Fire      #.......     30%         3    ###....


Dungeon Overview and Level Annotations

Branches:
Dungeon (6/15)             Temple (1/1) D:6

Altars:
Ashenzari
Cheibriados
Dithmenos
Elyvilon
Fedhas
Gozag
Hepliaklqana
Kikubaaqudgha
Makhleb
Nemelex Xobeh
Okawaru
Ru
Sif Muna
Trog
Uskayaw
Vehumet
Wu Jian
Xom
Yredelemnul
Zin
The Shining One

Annotations:
D:6 Eustachio


Innate Abilities, Weirdness & Mutations

Shadows flee at your approach. (+LOS)
You can swim through water.
You cover ground slowly.
You can hop short distances.
Your natural rate of healing is unusually fast.
Your spells are a little easier to cast, but a little less powerful.
Your movements are slightly less encumbered by armour. (ER -2)


Message History

The ice beast is severely wounded.
You miss the ice beast.
The ice beast is severely wounded.
The ice beast barely misses you.
You hit the ice beast but do no damage.
The ice beast is severely wounded.
The ice beast completely misses you.
You hit the ice beast.
The ice beast is almost dead.
The ice beast hits you but does no damage.
You miss the ice beast.
The ice beast is almost dead.
The ice beast hits you. The ice beast freezes you!
* * * LOW HITPOINT WARNING * * *
You hit the ice beast but do no damage.
The ice beast is almost dead.
The ice beast hits you.
* * * LOW HITPOINT WARNING * * *
The ice beast freezes you!
You die...

≈≈≈≈≈≈≈≈≈≈≈≈≈≈≈≈≈
≈≈≈≈≈≈≈≈≈≈≈≈≈≈≈≈≈
≈≈≈≈≈≈≈≈≈≈≈≈≈≈≈≈≈
≈≈≈≈≈≈≈≈≈≈≈≈≈≈≈≈≈≈≈
≈≈≈≈≈≈≈≈≈≈≈≈≈≈≈≈≈≈≈≈≈
≈≈≈≈≈≈≈≈≈≈≈≈≈≈≈≈≈≈≈≈≈≈≈
≈≈≈≈≈≈≈.#.....#.≈≈≈≈≈≈≈
≈≈≈≈≈≈≈.............≈≈≈≈≈≈≈
≈≈≈≈≈≈........@........≈≈≈≈≈≈
≈≈≈≈≈.#........Y........#.≈≈≈≈≈
≈≈≈≈≈...........<)..........≈≈≈≈≈
≈≈≈≈...........).............≈≈≈≈
≈≈≈........._......._.........≈≈≈
≈≈.............._..............≈≈
≈≈#....._..............._.....#≈≈
≈...............................≈
≈.............##_##.............≈


You could see an ice beast.

Vanquished Creatures
  Sigmund (D:2)
  A centaur (D:5)
  Blork the orc (D:4)
  2 crimson imps
  4 hounds
  Crazy Yiuf (D:3)
  2 orc wizards (D:5)
  An iguana (D:4)
  2 worker ants
  3 gnolls (Temple)
  6 adders
  A shadow imp (D:6)
  2 worms
  5 leopard geckos
  10 orcs
  10 bats
  3 giant cockroaches
  5 goblins
  2 hobgoblins (D:2)
  8 jackals
  2 quokkas
  A ball python (D:4)
  5 frilled lizards
  6 kobolds
  5 rats
89 creatures vanquished.

Notes
Turn   | Place    | Note
-------+----------+-------------------------------------------
     0 | D:1      | Blomdor the Barachi Wizard began the quest for the Orb.
     0 | D:1      | Reached XP level 1. HP: 13/13 MP: 4/4
   136 | D:1      | Reached skill level 1 in Fighting
   484 | D:1      | Reached XP level 2. HP: 21/21 MP: 6/6
   652 | D:1      | Reached skill level 1 in Axes
   854 | D:2      | Noticed Sigmund
   939 | D:2      | Gained mutation: Your spells are a little easier to cast, but a little less powerful. [potion of mutation]
   939 | D:2      | Gained mutation: Your movements are slightly less encumbered by armour. (ER -2) [potion of mutation]
   939 | D:2      | Gained mutation: Your natural rate of healing is unusually fast. [potion of mutation]
   955 | D:2      | Reached skill level 2 in Axes
  1037 | D:2      | Reached XP level 3. HP: 26/26 MP: 7/7
  1048 | D:1      | Learned a level 3 spell: Mephitic Cloud
  1052 | D:1      | Learned a level 3 spell: Conjure Flame
  1304 | D:2      | Killed Sigmund
  1304 | D:2      | Reached skill level 5 in Axes
  1304 | D:2      | Reached XP level 4. HP: 26/32 MP: 5/8
  1304 | D:2      | Reached XP level 5. HP: 30/37 MP: 5/9
  1944 | D:3      | Reached XP level 6. HP: 43/43 MP: 10/10
  1950 | D:3      | Found a shadowy altar of Dithmenos.
  2301 | D:3      | Reached skill level 1 in Armour
  2373 | D:3      | Found a runed door.
  2377 | D:3      | Noticed Crazy Yiuf
  2388 | D:3      | Killed Crazy Yiuf
  2388 | D:3      | Reached skill level 6 in Axes
  2525 | D:4      | Noticed Blork the orc
  2539 | D:4      | Killed Blork the orc
  3137 | D:4      | Reached XP level 7. HP: 40/51 MP: 11/11
  3331 | D:5      | Entered Level 5 of the Dungeon
  3623 | D:5      | Reached skill level 7 in Axes
  4047 | D:6      | Noticed Eustachio
  4055 | D:6      | Found a staircase to the Ecumenical Temple.
  4060 | Temple   | Entered the Ecumenical Temple
  4111 | Temple   | Became a worshipper of Cheibriados the Contemplative
  4199 | Temple   | HP: 1/53 [ice beast (5)]
  4199 | Temple   | Mangled by an ice beast

Vault maps used:
D:1:      ncdulo_lavacross
D:2:      uniq_sigmund
D:3:      grunt_dithmenos_smoke_and_mirrors, uniq_crazy_yiuf_cottage
D:4:      grunt_decor_mini_mirrors, kennysheep_generic_room_8,
          uniq_blork_the_orc
D:5:      wad_crossroads, first_bread, minmay_misc_feat_encased,
          hangedman_decor_push
D:6:      temple_doors_e, uniq_pikel, uniq_eustachio
Temple:   nicolae_temple_the_god_donut

Skill      XL: |  1  2  3  4  5  6  7 |
---------------+----------------------+-----
Fighting       | 1 2 3 |  3.9
Axes           | 2 5 6 7 |  7.6
Armour         | 2 3 |  3.9
Dodging        | |  2.1
Stealth        | |  1.7
Spellcasting   | |  3.2
Conjurations   | |  1.1
Summonings     | |  1.2
Translocations | |  1.1

Action                   |  1- 3 |  4- 6 |  7- 9 || total
-------------------------+-------+-------+-------++-------
Melee: Mace              |    12 |       |       ||    12
       Spear             |    64 |   211 |   328 ||   603
 Cast: Magic Dart        |     5 |       |     1 ||     6
       Mephitic Cloud    |     1 |     1 |     2 ||     4
 Abil: Hop               |     1 |       |     1 ||     2
  Use: Potion            |     4 |       |       ||     4
       Scroll            |     3 |     2 |     1 ||     6
 Stab: Sleeping          |     5 |     2 |     6 ||    13
       Distracted        |       |     1 |       ||     1
       Confused          |       |       |     1 ||     1
  Eat: Chunk             |     2 |     6 |     1 ||     9
       Royal jelly       |       |       |     2 ||     2
Armor: Robe              |    27 |     7 |       ||    34
       Troll leather arm |       |    46 |    90 ||   136
Dodge: Dodged            |    69 |   129 |   156 ||   354

Table legend:
 A = Spawn XP
 B = Non-spawn XP
 C = Spawn XP percentage of total XP
 D = Spawn monster count
 E = Non-spawn monster count
 F = Spawn count percentage of total count
 G = Total turns spent on level
                    A         B        C        D         E        F      G
               +---------+---------+-------+---------+---------+-------+---------
         Total |       0 |    1169 |   0.0 |       0 |      89 |   0.0 |  4199
               +---------+---------+-------+---------+---------+-------+---------
           D:1 |       0 |      22 |   0.0 |       0 |      12 |   0.0 |  1046
           D:2 |       0 |     265 |   0.0 |       0 |      23 |   0.0 |   577
           D:3 |       0 |     143 |   0.0 |       0 |      22 |   0.0 |   842
           D:4 |       0 |     246 |   0.0 |       0 |      10 |   0.0 |   866
           D:5 |       0 |     349 |   0.0 |       0 |      14 |   0.0 |   669
           D:6 |       0 |      59 |   0.0 |       0 |       4 |   0.0 |    64
        Temple |       0 |      85 |   0.0 |       0 |       4 |   0.0 |   135
               +---------+---------+-------+---------+---------+-------+---------
